 Dungeon Crawl Stone Soup version 0.30-a0-760-g5a9884bb7c (webtiles) character file.

Game seed: 10769640760462193186

39 PLAYERX the Slasher (level 3, 0/33 HPs)
             Began as a Minotaur Monk on Feb 11, 2023.
             Slain by an adder (3 damage)
             ... on level 2 of the Dungeon.
             The game lasted 00:05:11 (868 turns).

PLAYERX the Slasher (Minotaur Monk)                  Turns: 868, Time: 00:05:11

Health: 0/33       AC:  2    Str: 17    XL:     3   Next: 28%
Magic:  2/2        EV: 13    Int:  7    God:
Gold:   56         SH:  0    Dex: 12    Spells: 2/2 levels left

rFire   . . .      SeeInvis .    a - +0 falchion
rCold   . . .      Faith    .    (no shield)
rNeg    . . .      Spirit   .    b - +0 robe
rPois   .          Reflect  .    (helmet restricted)
rElec   .          Harm     .    (no cloak)
rCorr   .          Rampage  .    (no gloves)
Will    .....                    (no boots)
Stlth   +                        (no amulet)
HPRegen 0.25/turn                (no ring)
MPRegen 0.08/turn                (no ring)

@: confused, lethally poisoned (0 -> -4), ambrosia-drunk
A: horns 2, retaliatory headbutt
a: no special abilities


You were on level 2 of the Dungeon.
You visited 1 branch of the dungeon, and saw 2 of its levels.

You collected 56 gold pieces.

Inventory:

Hand Weapons
 a - a +0 falchion (weapon)
Missiles
 f - 5 stones (quivered)
Armour
 b - a +0 robe (worn)
Jewellery
 k - a ring of see invisible
Scrolls
 d - a scroll of poison {unknown}
 e - a scroll of acquirement {unknown}
 h - 2 scrolls of identify {unknown}
 j - a scroll of teleportation {unknown}
Potions
 g - a potion of flight {unknown}
 i - 2 potions of invisibility {unknown}


   Skills:
 + Level 4.1 Fighting
 + Level 4.2 Long Blades
 + Level 3.8 Dodging
 - Level 2.0 Stealth


You had 2 spell levels left.
You didn't know any spells.
Your spell library contained the following spells:

 Spells                   Type           Power      Damage    Failure   Level
 Beastly Appendage        Tmut           0%         N/A       43%         1
 Wereblood                Tmut           0%         N/A       56%         2
 Spider Form              Tmut/Pois      0%         N/A       80%         3


Dungeon Overview and Level Annotations

Branches:
Dungeon (2/15)

Altars:


Innate Abilities, Weirdness & Mutations

You have a pair of horns on your head.
You reflexively headbutt those who attack you in melee.


Message History

You feel sick. The adder barely misses you. The kobold misses you.
You miss the adder.
The adder is heavily wounded.
You feel sick. The adder bites you.
You are more poisoned.
The adder poisons you! The kobold hits you with a +0 dagger.
The adder bites you.
You barely miss the adder.
The adder is heavily wounded.
You feel very sick.
The rat twitches its whiskers.
The rat barely misses you. The kobold hits you with a +0 dagger.
The adder barely misses you.
You are too injured to fight recklessly!
You are too injured to fight recklessly!
You are too injured to fight recklessly!
You are too injured to fight recklessly!
You are too injured to fight recklessly!
You hit the rat.
The rat is severely wounded.
You feel sick. The adder bites you.
You are more poisoned.
The adder poisons you! The rat bites you. The kobold barely misses you.
The adder barely misses you.
You closely miss the rat.
The rat is severely wounded.
* * * LOW HITPOINT WARNING * * *
You feel sick. The kobold barely misses you. The rat bites you.
* * * LOW HITPOINT WARNING * * *
The adder bites you but does no damage. The rat bites you but does no damage.
The kobold barely misses you.
You hit the rat but do no damage. You headbutt the rat.
You kill the rat!
* * * LOW HITPOINT WARNING * * *
You feel sick. The adder barely misses you. The kobold barely misses you.
You are confused.
You feel invigorated.
You feel sick. The adder bites you.
* * * LOW HITPOINT WARNING * * *
The adder bites you.
You die...

#.....#.#
#.........#......
....##...#
#.....##...#...###
.... #...+
########...#..)..#
... #...#
...........#<###.#
................#
......†..#+#####
...#.....†..#
...#####+#........#
......S@..........#
......K...........#
#.................#
#....#.#+#........#
#.####. #........#
# .. ########## ...
....


You could see an adder and a kobold.

Vanquished Creatures
  An adder (D:2)
  5 bats
  An endoplasm (D:1)
  5 goblins
  3 hobgoblins (D:1)
  3 jackals (D:1)
  A quokka (D:1)
  A ball python (D:1)
  2 frilled lizards (D:1)
  A kobold (D:1)
  5 rats
28 creatures vanquished.

Notes
Turn   | Place    | Note
-------+----------+-------------------------------------------
     0 | D:1      | PLAYERX the Minotaur Monk began the quest for the Orb.
     0 | D:1      | Reached XP level 1. HP: 19/19 MP: 0/0
   109 | D:1      | Reached XP level 2. HP: 25/27 MP: 1/1
   110 | D:1      | You fall into a shaft and drop 1 floor!
   785 | D:2      | Reached XP level 3. HP: 33/33 MP: 2/2
   868 | D:2      | Slain by an adder

Illustrated notes

Levels and vault maps discovered:
D:1:      dpeg_arrival_subterranean_lakeside_camping, layout_basic
D:2:      layout_basic, basic_altar, uniq_natasha

Skill      XL: |  1  2 |
---------------+-------+-----
Stealth        | 2 |  2.0
Fighting       | 4 |  4.1
Long Blades    | 4 |  4.2
Dodging        | |  3.8

Action                     || total
---------------------------++-------
  Melee: Falchion          ||    56
         Headbutt          ||     9
         Punch             ||     1
    Use: Potion            ||     1
   Stab: Sleeping          ||     7
 Armour: Robe              ||    12
  Dodge: Dodged            ||    34

Table legend: (Time is in decaauts)
 A = Elapsed time spent in this place.
 B = Non-inter-level travel time spent in this place.
 C = Inter-level travel time spent in this place.
 D = Time resting spent in this place.
 E = Time spent auto-exploring this place.
 F = Levels seen in this place.
 G = Mean time per level.
                   A        B        C        D        E       F      G
               +--------+--------+--------+--------+--------+-----+--------+
         Total |    880 |    880 |      0 |    131 |    482 |   2 |  440.0 |
       Dungeon |    880 |    880 |      0 |    131 |    482 |   2 |  440.0 |
               +--------+--------+--------+--------+--------+-----+--------+

Top non-repeatable levels by time:
     D:1: 767 daAuts
     D:2: 112 daAuts
